 Dungeon Crawl Stone Soup version 0.30-a0-920-g7493c07aab (webtiles) character file.

Game seed: 10997518487894354771

288 cforsyth the Shield-Bearer (level 6, -2/48 HPs)
             Began as a Human Fighter on Mar 22, 2023.
             Slain by an orc
             ... wielding a +0 war axe
              (4 damage)
             ... on level 4 of the Dungeon.
             The game lasted 00:03:42 (3161 turns).

cforsyth the Shield-Bearer (Human Fighter)          Turns: 3161, Time: 00:03:43

Health: -2/48      AC:  8    Str: 18    XL:     6   Next: 57%
Magic:  6/6        EV:  9    Int: 15    God:
Gold:   261        SH:  5    Dex: 12    Spells: 5/5 levels left

rFire   . . .      SeeInvis .    a - +0 flail
rCold   . . .      Faith    .    c - +0 buckler
rNeg    . . .      Spirit   .    b - +0 scale mail
rPois   .          Reflect  .    j - +0 helmet
rElec   .          Rampage  .    (no cloak)
rCorr   .                        (no gloves)
Will    .....                    (no boots) Stlth
                                 (no amulet)
HPRegen 0.28/turn                r - +6 ring of intelligence
MPRegen 0.10/turn                (no ring)

@: no status effects
A: no striking features
a: no special abilities


You were on level 4 of the Dungeon.
You visited 1 branch of the dungeon, and saw 4 of its levels.

You collected 261 gold pieces.

Inventory:

Hand Weapons
 a - a +0 flail (weapon)
Armour
 b - a +0 scale mail (worn)
 c - a +0 buckler (worn)
 j - a +0 helmet (worn)
Jewellery
 r - a +6 ring of intelligence (left hand)
Wands
 q - a wand of flame (16)
Scrolls
 e - 3 scrolls of teleportation {unknown}
 f - a scroll of noise {unknown}
 g - a scroll of magic mapping {unknown}
 h - 8 scrolls of identify {unknown}
 i - 3 scrolls of vulnerability {unknown}
 m - 2 scrolls of acquirement {unknown}
 o - 3 scrolls of poison {unknown}
 s - a scroll of brand weapon {unknown}
Potions
 d - 2 potions of might
 k - a potion of magic {unknown}
 l - 2 potions of haste {unknown}
 n - 2 potions of heal wounds
 p - a potion of lignification {unknown}
 t - a potion of mutation {unknown}


   Skills:
 + Level 4.2 Fighting
 + Level 3.6 Maces & Flails
 + Level 4.2 Armour
 + Level 4.2 Shields


You had 5 spell levels left.
You didn't know any spells.
Your spell library contained the following spells:

 Spells                   Type           Power      Damage    Failure   Level
 Necrotise                Necr           0%         1d4       71%         1
 Sting                    Tmut/Pois      0%         1d3       71%         1
 Ensorcelled Hibernation  Hex/Ice        0%         N/A       85%         2
 Poisonous Vapours        Pois/Air       0%         N/A       85%         2
 Spider Form              Tmut/Pois      0%         N/A       97%         3
 Vampiric Draining        Necr           0%         2d6       97%         3
 Anguish                  Hex/Necr       0%         N/A       100%        4
 Olgreb's Toxic Radiance  Pois           0%         N/A       100%        4
 Agony                    Necr           0%         N/A       100%        5


Dungeon Overview and Level Annotations

Branches:
Dungeon (4/15)
 Temple: D:4-7

Altars:
Cheibriados
Elyvilon
Fedhas
Gozag
Nemelex Xobeh
Vehumet


Message History

The orc is lightly wounded.
The orc hits you but does no damage.
The orc hits you with a +3 falchion of holy wrath.
The orc hits you with a +0 war axe. The orc hits you but does no damage.
You sock the orc!
You kill the orc!
The orc hits you with a +3 falchion of holy wrath.
The orc hits you with a +0 club. The orc hits you but does no damage.
The orc barely misses you.
The orc hits you with a +3 falchion of holy wrath.
The orc closely misses you.
You are too injured to fight recklessly!
You are too injured to fight recklessly!
You are too injured to fight recklessly!
You are too injured to fight recklessly!
You are too injured to fight recklessly!
You are too injured to fight recklessly!
You are too injured to fight recklessly!
You are too injured to fight recklessly!
You hit the orc.
The orc is heavily wounded.
The orc closely misses you. The orc hits you with a +0 club.
The orc hits you but does no damage.
Unknown command.
You sock the orc!
You kill the orc!
The orc hits you with a +0 war axe. You block the orc's attack.
You barely miss the orc. The orc hits you but does no damage.
The orc hits you with a +0 war axe.
* * * LOW HITPOINT WARNING * * *
Press: ? - help, v - describe, . - travel
Here: an orc, wielding a +0 club and wearing a +0 scale mail The floor.
Unknown command.
You barely miss the orc. The orc hits you with a +0 club.
* * * LOW HITPOINT WARNING * * *
The orc hits you with a +0 war axe!
* * * LOW HITPOINT WARNING * * *
The orc hits you but does no damage. The orc hits you with a +0 war axe.
You die...

###############
#..............
#..............
#..............
#....)@........ #
##....)oo....... .#
#....#........####+### ..#
#....#........##.....## ...#
#....#..........o.....# .....
#....#...........o.o..#..|!..
#....#........(.....o.'......
#....#................#o.....
#....##.......##.....## .....


You could see 2 orcs.

Vanquished Creatures
  A bullfrog (D:4)
  A scorpion (D:4)
  An iguana (D:4)
  An orc wizard (D:4)
  5 adders
  2 worms
  A dart slug (D:1)
  9 orcs
  5 bats
  5 endoplasms
  3 giant cockroaches
  5 goblins (D:2)
  4 hobgoblins
  2 jackals (D:1)
  6 kobolds
  3 quokkas
  4 ball pythons
  A frilled lizard (D:1)
  4 rats (D:1)
63 creatures vanquished.

Notes
Turn   | Place    | Note
-------+----------+-------------------------------------------
     0 | D:1      | cforsyth the Human Fighter began the quest for the Orb.
     0 | D:1      | Reached XP level 1. HP: 18/18 MP: 1/1
   292 | D:1      | Reached XP level 2. HP: 17/24 MP: 2/2
   631 | D:1      | Reached XP level 3. HP: 29/29 MP: 3/3
   811 | D:2      | Found a white marble altar of Elyvilon.
  1016 | D:2      | Reached XP level 4. HP: 35/35 MP: 4/4
  1442 | D:2      | Found a faded altar of an unknown god.
  1619 | D:3      | Found a snail-covered altar of Cheibriados.
  1619 | D:3      | Found a faded altar of an unknown god.
  1627 | D:3      | Found a sparkling altar of Nemelex Xobeh.
  1629 | D:3      | Found a blossoming altar of Fedhas.
  1630 | D:3      | Found a faded altar of an unknown god.
  2382 | D:4      | Reached XP level 5. HP: 20/42 MP: 5/5
  2616 | D:4      | Noticed a bullfrog
  2624 | D:4      | Killed a bullfrog
  2640 | D:4      | Reached XP level 6. HP: 22/48 MP: 6/6
  2933 | D:4      | Found a radiant altar of Vehumet.
  2957 | D:4      | Found an opulent altar of Gozag.
  3161 | D:4      | HP: 2/48 [orc/+0 war axe (7)]
  3161 | D:4      | Slain by an orc

Illustrated notes

Levels and vault maps discovered:
D:1:      sevenhm_arrival_forest_fort_small_4, layout_basic
D:2:      layout_loops_ring, basic_altar, basic_ecumenical_altar,
          minmay_pentomino_pile
D:3:      layout_basic, chequers_temple_overflow_minitemple
D:4:      layout_gridville, lemuel_tele_altar, mainiacjoe_overflow_catwalk,
          lemuel_flame_loot_1

Skill      XL: |  1  2  3  4  5 |
---------------+----------------+-----
Maces & Flails | 3 |  3.6
Shields        | 4 |  4.2
Fighting       | 4 |  4.2
Armour         | 4 |  4.2

Action                     |  1- 3 |  4- 6 || total
---------------------------+-------+-------++-------
  Melee: Flail             |   105 |   138 ||   243
    Use: Potion            |     1 |       ||     1
 Armour: Scale mail        |    65 |    71 ||   136
  Dodge: Dodged            |    43 |    82 ||   125
  Block: Buckler           |    21 |    41 ||    62

Table legend: (Time is in decaauts)
 A = Elapsed time spent in this place.
 B = Non-inter-level travel time spent in this place.
 C = Inter-level travel time spent in this place.
 D = Time resting spent in this place.
 E = Time spent auto-exploring this place.
 F = Levels seen in this place.
 G = Mean time per level.
                   A        B        C        D        E       F      G
               +--------+--------+--------+--------+--------+-----+--------+
         Total |   3240 |   3194 |     46 |    271 |   2307 |   4 |  810.0 |
       Dungeon |   3240 |   3194 |     46 |    271 |   2307 |   4 |  810.0 |
               +--------+--------+--------+--------+--------+-----+--------+

Top non-repeatable levels by time:
     D:4: 850 daAuts
     D:1: 834 daAuts
     D:3: 782 daAuts
     D:2: 773 daAuts
